[Event "XIX Najdorf Memorial 2019"]
[Site "Warsaw"]
[Date "2019.07.07"]
[Round "2.12"]
[White "Miroshnichenko, Pavel"]
[Black "Ali Marandi, Cemil Can"]
[Result "1/2-1/2"]
[ECO "D11"]
[WhiteElo "2300"]
[BlackElo "2527"]
[Annotator "ChessBase"]
[PlyCount "116"]
[EventDate "2019.07.06"]
[EventType "swiss"]
[EventCountry "POL"]
[SourceTitle "playchess.com"]
[Source "ChessBase"]
[SourceQuality "1"]
[TimeControl "40/5400+30:1800+30"]

1. d4 d5 2. c4 c6 3. Nf3 Nf6 4. Qb3 e6 5. g3 Be7 6. Bg2 O-O 7. O-O b6 8. Nc3 Ba6 9. cxd5 cxd5 10. Bf4 Nc6 11. Rfc1 Rc8 12. Qd1 b5 13. Ne5 Qb6 14. e4 Nxe5 15. Bxe5 b4 16. Na4 Qd8 17. Bxf6 Bxf6 18. Nc5 Bb5 19. exd5 exd5 20. Qd2 a5 21. a3 bxa3 22. Rxa3 Bg5 23. f4 Bf6 24. Rd1 a4 25. Bf1 Qe8 26. Bh3 Rb8 27. b3 axb3 28. Rxb3 Ra8 29. Re3 Qd8 30. Rb1 Bc6 31. Reb3 Re8 32. Rb6 Ra1 33. Bf1 Rxb1 34. Rxb1 h5 35. Kf2 Qa8 36. Qb2 Qa5 37. Nd3 Qa7 38. Ne5 Bxe5 39. fxe5 Rxe5 40. Qb6 Qxb6 41. Rxb6 Re6 42. Rb8+ Re8 43. Rxe8+ Bxe8 44. Bg2 Bc6 45. Bf3 g6 46. Ke3 f6 47. h4 Kf7 48. Kf4 Ke6 49. Be2 Be8 50. Bd3 Kd6 51. Ke3 g5 52. Bf5 Bf7 53. Kd2 Kc6 54. Kc3 Kc7 55. Kd2 Kb6 56. Kc3 Kc6 57. Kb4 Kd6 58. Kc3 Kc6 1/2-1/2

[Event "XIX Najdorf Memorial 2019"]
[Site "Warsaw"]
[Date "2019.07.07"]
[Round "2.13"]
[White "Sedlak, Nikola"]
[Black "Adamski, Jan"]
[Result "1-0"]
[ECO "A46"]
[WhiteElo "2586"]
[BlackElo "2183"]
[Annotator "ChessBase"]
[PlyCount "53"]
[EventDate "2019.07.06"]
[EventType "swiss"]
[EventCountry "POL"]
[SourceTitle "playchess.com"]
[Source "ChessBase"]
[SourceQuality "1"]
[TimeControl "40/5400+30:1800+30"]

1. d4 Nf6 2. Nf3 e6 3. e3 c5 4. Bd3 b6 5. O-O Be7 6. c4 Bb7 7. Nc3 cxd4 8. exd4 d5 9. cxd5 Nxd5 10. Ne5 O-O 11. Qg4 Nf6 12. Qh4 Ne4 13. Qh3 Qxd4 14. Bf4 Nf6 15. Ne2 Qa4 16. Rfc1 Na6 17. Rc4 Qe8 18. Ng4 g6 19. Nh6+ Kh8 20. Be5 Nc5 21. Rxc5 bxc5 22. Ng4 Qd8 23. Qh4 Kg7 24. Nf4 Rh8 25. Nh5+ gxh5 26. Qg5+ Kf8 27. Qh6+ 1-0

[Event "XIX Najdorf Memorial 2019"]
[Site "Warsaw"]
[Date "2019.07.07"]
[Round "2.13"]
[White "Shyam, Sundar M."]
[Black "Zylka, Stanislaw"]
[Result "1/2-1/2"]
[ECO "A49"]
[WhiteElo "2520"]
[BlackElo "2308"]
[Annotator "ChessBase"]
[PlyCount "153"]
[EventDate "2019.07.06"]
[EventType "swiss"]
[EventCountry "POL"]
[SourceTitle "playchess.com"]
[Source "ChessBase"]
[SourceQuality "1"]
[TimeControl "40/5400+30:1800+30"]

1. d4 Nf6 2. Nf3 g6 3. g3 Bg7 4. Bg2 O-O 5. O-O d5 6. c4 dxc4 7. Na3 c5 8. dxc5 c3 9. Nb5 Na6 10. Nxc3 Nxc5 11. Be3 Nfe4 12. Nxe4 Nxe4 13. Bd4 Bxd4 14. Qxd4 Qxd4 15. Nxd4 Nd6 16. Rac1 Bd7 17. Rc7 Rfd8 18. f4 Rac8 19. Rfc1 Kf8 20. R1c3 Rxc7 21. Rxc7 Bg4 22. Kf2 Rc8 23. Rxc8+ Bxc8 24. b3 Bd7 25. e4 Nb5 26. Nxb5 Bxb5 27. e5 b6 28. Ke3 Ke8 29. Kd4 Kd7 30. h4 Be2 31. Be4 e6 32. Ke3 Bg4 33. b4 h5 34. Kd4 Be2 35. a4 Bd1 36. a5 Be2 37. Bg2 Kc7 38. Be4 Kd7 39. Ke3 Bb5 40. Bf3 Bf1 41. Kd4 Bb5 42. axb6 axb6 43. Bd1 Ke7 44. Bb3 Be2 45. Bc4 Bf3 46. Bd3 Bb7 47. Be2 Kd8 48. Bd1 Ke7 49. Be2 Kd8 50. g4 hxg4 51. Bxg4 Ke7 52. Be2 Kd8 53. Ke3 Kd7 54. Kf2 Be4 55. Kg3 Bf5 56. Bb5+ Kd8 57. Bc6 Ke7 58. Kf3 Bd3 59. Kg4 Kf8 60. Kg5 Kg7 61. Bf3 Bc2 62. h5 gxh5 63. Bxh5 Bd3 64. Bf3 Bc2 65. Bg4 Bd3 66. f5 exf5 67. Bxf5 Bc4 68. Bd7 Bb3 69. Kf5 Bc2+ 70. Kf4 Kf8 71. Ke3 Ke7 72. Bg4 f6 73. exf6+ Kxf6 74. Kd4 Ke7 75. Kd5 Ba4 76. Bh3 Bb5 77. Bg4 1/2-1/2

[Event "XIX Najdorf Memorial 2019"]
[Site "Warsaw"]
[Date "2019.07.07"]
[Round "2.14"]
[White "Klekowski, Maciej"]
[Black "Kokoszczynski, Jan"]
[Result "1-0"]
[ECO "C09"]
[WhiteElo "2482"]
[BlackElo "2238"]
[Annotator "ChessBase"]
[PlyCount "119"]
[EventDate "2019.07.06"]
[EventType "swiss"]
[EventCountry "POL"]
[SourceTitle "playchess.com"]
[Source "ChessBase"]
[SourceQuality "1"]
[TimeControl "40/5400+30:1800+30"]

1. d4 e6 2. e4 d5 3. Nd2 c5 4. exd5 exd5 5. Ngf3 Nc6 6. Bb5 Qe7+ 7. Be2 Qc7 8. O-O Nf6 9. Re1 Be6 10. dxc5 Bxc5 11. Nb3 Bb6 12. Nfd4 O-O 13. c3 Rae8 14. Be3 a6 15. Qc1 Bc8 16. Bf4 Qd8 17. Qc2 Ne4 18. Bd3 Qf6 19. Bxe4 dxe4 20. Rxe4 Nxd4 21. Nxd4 Rxe4 22. Qxe4 Bxd4 23. cxd4 Qe6 24. Re1 Qxe4 25. Rxe4 Be6 26. b3 Rc8 27. h3 h6 28. Re2 Rc3 29. Re5 Rd3 30. Be3 Rd1+ 31. Kh2 Kf8 32. Rc5 Ke8 33. Kg3 Kd8 34. Kf4 Kd7 35. Ke4 b6 36. Rc2 f6 37. Bd2 Bg8 38. f4 Kd6 39. Bb4+ Kd7 40. f5 Bh7 41. Bd2 Rf1 42. g4 Rf2 43. d5 g6 44. Ke3 Rh2 45. d6 gxf5 46. Rc7+ Kxd6 47. Rxh7 Rxh3+ 48. Kf4 fxg4 49. Kxg4 Rh1 50. Rf7 h5+ 51. Kf5 Rf1+ 52. Bf4+ Kc5 53. Rxf6 Rf2 54. Ke4 Rxa2 55. Be3+ Kb4 56. Rxb6+ Kc3 57. Bd4+ Kc2 58. Kd5 Kd3 59. Rf6 Ra5+ 60. Bc5 1-0

[Event "XIX Najdorf Memorial 2019"]
[Site "Warsaw"]
[Date "2019.07.07"]
[Round "2.14"]
[White "Bebel, Arkadiusz"]
[Black "Gukesh D"]
[Result "1/2-1/2"]
[ECO "B22"]
[WhiteElo "2290"]
[BlackElo "2520"]
[Annotator "ChessBase"]
[PlyCount "73"]
[EventDate "2019.07.06"]
[EventType "swiss"]
[EventCountry "POL"]
[SourceTitle "playchess.com"]
[Source "ChessBase"]
[SourceQuality "1"]
[TimeControl "40/5400+30:1800+30"]

1. e4 c5 2. c3 Nf6 3. e5 Nd5 4. Nf3 Nc6 5. Bc4 Nb6 6. Bb3 c4 7. Bc2 Qc7 8. Qe2 g5 9. h3 Bg7 10. O-O Nxe5 11. Nxg5 d5 12. a4 Bd7 13. a5 Nc8 14. d4 cxd3 15. Bxd3 Nd6 16. Re1 O-O-O 17. Nf3 Nc6 18. a6 b6 19. Na3 e5 20. Nb5 Nxb5 21. Bxb5 e4 22. Bxc6 Qxc6 23. Nd4 Qg6 24. Bf4 Bxh3 25. g3 h5 26. Qb5 h4 27. Rad1 hxg3 28. fxg3 Rd7 29. Nc6 Qe6 30. Rxd5 Rxd5 31. Qxd5 Qxd5 32. Ne7+ Kd7 33. Nxd5 Be6 34. Nc7 Bc4 35. Rxe4 Bd3 36. Re1 Kc6 37. Rd1 1/2-1/2

[Event "XIX Najdorf Memorial 2019"]
[Site "Warsaw"]
[Date "2019.07.07"]
[Round "2.15"]
[White "Janik, Igor"]
[Black "Punin, Andrii"]
[Result "1-0"]
[ECO "E06"]
[WhiteElo "2495"]
[BlackElo "2305"]
[Annotator "ChessBase"]
[PlyCount "87"]
[EventDate "2019.07.06"]
[EventType "swiss"]
[EventCountry "POL"]
[SourceTitle "playchess.com"]
[Source "ChessBase"]
[SourceQuality "1"]
[TimeControl "40/5400+30:1800+30"]

1. d4 Nf6 2. c4 e6 3. Nf3 d5 4. g3 Be7 5. Bg2 O-O 6. Nc3 dxc4 7. Ne5 Nc6 8. Bxc6 bxc6 9. Nxc6 Qe8 10. Nxe7+ Qxe7 11. Qa4 c5 12. dxc5 Qxc5 13. Be3 Qc7 14. f3 a5 15. Qa3 Qb7 16. O-O-O Nd5 17. Bc5 Re8 18. Ne4 c3 19. bxc3 Rb8 20. Kc2 Bd7 21. c4 Nb4+ 22. Kc1 Rec8 23. Nd6 Qa6 24. Bxb4 Rxb4 25. Nxc8 Qxc4+ 26. Kd2 Bb5 27. Nd6 Qxe2+ 28. Kc1 Bc6 29. Rhe1 Qf2 30. Ne4 Qb6 31. Qd3 Bd5 32. Nc3 Qc5 33. Re2 h6 34. Rc2 Bc4 35. Qd4 Qc6 36. Qe4 Qb6 37. a3 Bd5 38. Qd3 Rb3 39. Qd4 Qd6 40. Nxd5 Qxa3+ 41. Kd2 exd5 42. Ke2 Rxf3 43. Rd3 Rxd3 44. Rc8+ 1-0

[Event "XIX Najdorf Memorial 2019"]
[Site "Warsaw"]
[Date "2019.07.07"]
[Round "2.15"]
[White "Milikow, Elie"]
[Black "Jarmula, Lukasz"]
[Result "0-1"]
[ECO "B62"]
[WhiteElo "2129"]
[BlackElo "2480"]
[Annotator "ChessBase"]
[PlyCount "74"]
[EventDate "2019.07.06"]
[EventType "swiss"]
[EventCountry "POL"]
[SourceTitle "playchess.com"]
[Source "ChessBase"]
[SourceQuality "1"]
[TimeControl "40/5400+30:1800+30"]

1. e4 c5 2. Nf3 d6 3. d4 cxd4 4. Nxd4 Nf6 5. Nc3 Nc6 6. Bg5 e6 7. Be2 Be7 8. Qd2 a6 9. O-O-O Bd7 10. f4 h6 11. Bh4 Qc7 12. Qe3 Rc8 13. Bg3 b5 14. e5 Nxd4 15. Qxd4 dxe5 16. fxe5 Nd5 17. Kb1 Nxc3+ 18. bxc3 Bc6 19. Bh5 g6 20. Bxg6 Bd5 21. Be4 Bxe4 22. Qxe4 Qxc3 23. Qd3 Qb4+ 24. Qb3 Qe4 25. Qd3 Qb4+ 26. Qb3 Qc5 27. Rhf1 a5 28. Rf2 O-O 29. Rf4 Rfd8 30. Rc1 Bg5 31. Rg4 Rd4 32. Rxd4 Qxd4 33. c3 Qd3+ 34. Rc2 Rc4 35. a3 Be7 36. Kb2 Ra4 37. Rc1 Bxa3+ 0-1

[Event "XIX Najdorf Memorial 2019"]
[Site "Warsaw"]
[Date "2019.07.07"]
[Round "2.16"]
[White "Grib, Roman"]
[Black "Maj, Pawel"]
[Result "1-0"]
[ECO "C80"]
[WhiteElo "2421"]
[BlackElo "2127"]
[Annotator "NA"]
[PlyCount "109"]
[EventDate "2019.07.06"]
[EventType "swiss"]
[EventCountry "POL"]
[SourceTitle "playchess.com"]
[Source "ChessBase"]
[SourceQuality "1"]
[TimeControl "40/5400+30:1800+30"]

1. e4 e5 2. Nf3 Nc6 3. Bb5 a6 4. Ba4 Nf6 5. O-O Nxe4 6. d4 b5 7. Bb3 d5 8. dxe5 Be6 9. Nbd2 Nc5 10. c3 Be7 11. Qe2 Nxb3 12. Nxb3 O-O 13. Nfd4 Nxd4 14. cxd4 Qd7 15. Bd2 f6 16. Rfe1 Rae8 17. exf6 Rxf6 18. Bg5 Rg6 19. Bxe7 Bh3 20. g3 Re6 21. Qh5 R8xe7 22. Re5 Rxe5 23. dxe5 d4 24. Nc5 Qd5 25. Qxh3 Qxc5 26. Qc8+ Kf7 27. Qf5+ Kg8 28. Re1 g6 29. Qe4 d3 30. Qxd3 Rxe5 31. Qd8+ Kg7 32. Rd1 Re7 33. a3 Rf7 34. Qd2 Qe5 35. b4 Re7 36. Rc1 Qf6 37. h4 Rf7 38. Qc3 c6 39. Qd2 Re7 40. Kg2 Qe5 41. Rc5 Qe4+ 42. Kh2 Rf7 43. h5 h6 44. hxg6 Kxg6 45. f4 Rf5 46. Qd6+ Rf6 47. Qd1 Rf5 48. Qg4+ Kf6 49. Rxf5+ Qxf5 50. Qxf5+ Kxf5 51. Kh3 Ke4 52. Kh4 Kd5 53. f5 c5 54. bxc5 Kxc5 55. f6 1-0

[Event "XIX Najdorf Memorial 2019"]
[Site "Warsaw"]
[Date "2019.07.07"]
[Round "2.17"]
[White "Zebracki, Tomasz"]
[Black "Franco Alonso, Alejandro"]
[Result "1-0"]
[ECO "B40"]
[WhiteElo "2183"]
[BlackElo "2410"]
[Annotator "NA"]
[PlyCount "83"]
[EventDate "2019.07.06"]
[EventType "swiss"]
[EventCountry "POL"]
[SourceTitle "playchess.com"]
[Source "ChessBase"]
[SourceQuality "1"]
[TimeControl "40/5400+30:1800+30"]

1. e4 c5 2. Nf3 e6 3. c3 Nf6 4. e5 Nd5 5. d4 cxd4 6. cxd4 d6 7. Nc3 Nxc3 8. bxc3 Qc7 9. Bd2 Nd7 10. Ng5 dxe5 11. Qh5 g6 12. Qf3 f5 13. Nxe6 Qd6 14. Nxf8 Nxf8 15. Bb5+ Bd7 16. Qxb7 Rb8 17. Bxd7+ Nxd7 18. Qxa7 Qc6 19. O-O Ra8 20. d5 Qxd5 21. Qe3 Rxa2 22. Rxa2 Qxa2 23. Qd3 Qe6 24. Bh6 Kf7 25. Ra1 Rb8 26. Ra7 Ke8 27. h4 Qc6 28. Bg5 h5 29. c4 Rc8 30. c5 Qe6 31. Ra6 Rc6 32. Ra8+ Kf7 33. Ra7 Ke8 34. Ra8+ Kf7 35. Ra7 Ke8 36. Qa3 f4 37. Qa5 Rc8 38. Ra6 Qd5 39. c6 Nc5 40. Ra7 Qxc6 41. Re7+ Kf8 42. Qa2 1-0

[Event "XIX Najdorf Memorial 2019"]
[Site "Warsaw"]
[Date "2019.07.07"]
[Round "2.18"]
[White "Terletsky, Oleg"]
[Black "Sanz Wawer, Daniel"]
[Result "1/2-1/2"]
[ECO "B18"]
[WhiteElo "2408"]
[BlackElo "2154"]
[Annotator "NA"]
[PlyCount "50"]
[EventDate "2019.07.06"]
[EventType "swiss"]
[EventCountry "POL"]
[SourceTitle "playchess.com"]
[Source "ChessBase"]
[SourceQuality "1"]
[TimeControl "40/5400+30:1800+30"]

1. e4 c6 2. d4 d5 3. Nc3 dxe4 4. Nxe4 Bf5 5. Ng3 Bg6 6. h4 h6 7. Nf3 e6 8. h5 Bh7 9. Bd3 Bxd3 10. Qxd3 Nf6 11. Bf4 Bd6 12. Ne5 O-O 13. Rh3 Qc7 14. Ne4 Nxe4 15. Qxe4 f6 16. Ng6 Re8 17. O-O-O Nd7 18. Rg3 Bxf4+ 19. Nxf4 Nf8 20. Rdd3 Rad8 21. Ng6 Nxg6 22. Rxg6 Rd5 23. g4 c5 24. dxc5 Rxd3 25. Qxd3 Qxc5 1/2-1/2

[Event "XIX Najdorf Memorial 2019"]
[Site "Warsaw"]
[Date "2019.07.07"]
[Round "2.19"]
[White "Panek, Bartosz"]
[Black "Sieciechowicz, Marcin"]
[Result "1/2-1/2"]
[ECO "D90"]
[WhiteElo "2041"]
[BlackElo "2399"]
[Annotator "NA"]
[PlyCount "91"]
[EventDate "2019.07.06"]
[EventType "swiss"]
[EventCountry "POL"]
[SourceTitle "playchess.com"]
[Source "ChessBase"]
[SourceQuality "1"]
[TimeControl "40/5400+30:1800+30"]

1. d4 Nf6 2. c4 g6 3. Nc3 d5 4. Nf3 Bg7 5. cxd5 Nxd5 6. Bg5 O-O 7. e3 Nxc3 8. bxc3 c5 9. Be2 Nc6 10. O-O b6 11. Qb3 Qc7 12. Rfd1 e5 13. Qa3 Bf5 14. Bb5 f6 15. Bh4 Bg4 16. dxc5 Na5 17. cxb6 axb6 18. Qb4 Be6 19. Rd6 Bc4 20. Rc6 Nxc6 21. Qxc4+ Kh8 22. Qxc6 Qxc6 23. Bxc6 Rac8 24. Bb5 Rxc3 25. a4 Rfc8 26. g4 Kg8 27. Kg2 Rc1 28. Rxc1 Rxc1 29. Nd2 g5 30. Bg3 Bf8 31. h4 gxh4 32. Bxh4 Kg7 33. Ne4 Be7 34. Ng3 Kf7 35. Kf3 Rc2 36. Nh5 f5 37. Bxe7 fxg4+ 38. Kxg4 Kxe7 39. Kf3 e4+ 40. Kg3 Ke6 41. Nf4+ Ke5 42. Ne2 Rc7 43. Kh4 Rg7 44. Kh3 Rf7 45. Nf4 Rg7 46. Ne2 1/2-1/2

[Event "XIX Najdorf Memorial 2019"]
[Site "Warsaw"]
[Date "2019.07.07"]
[Round "2.20"]
[White "Tomaszewski, Kacper"]
[Black "Malinowski, Damian"]
[Result "1-0"]
[ECO "D15"]
[WhiteElo "2346"]
[BlackElo "2019"]
[Annotator "NA"]
[PlyCount "93"]
[EventDate "2019.07.06"]
[EventType "swiss"]
[EventCountry "POL"]
[SourceTitle "playchess.com"]
[Source "ChessBase"]
[SourceQuality "1"]
[TimeControl "40/5400+30:1800+30"]

1. d4 d5 2. c4 c6 3. Nc3 Nf6 4. Nf3 a6 5. Ne5 Nbd7 6. cxd5 Nxe5 7. dxe5 Nxd5 8. e4 Nxc3 9. Qxd8+ Kxd8 10. bxc3 e6 11. Be3 Kc7 12. a4 a5 13. Bd3 Be7 14. Ke2 b6 15. Rhb1 c5 16. Ra2 Ba6 17. Bxa6 Rxa6 18. Rab2 Rd8 19. f4 Kc6 20. g4 Rd7 21. g5 Bd8 22. h4 Bc7 23. h5 Ra8 24. Rg1 Rad8 25. g6 fxg6 26. hxg6 h6 27. Rgb1 Rb8 28. Rb5 Rdd8 29. c4 Rf8 30. Rd1 Rfd8 31. Rbb1 Rxd1 32. Rxd1 Rf8 33. Rd3 Re8 34. Bd2 Rf8 35. Rf3 Kd7 36. Bc3 Re8 37. Rd3+ Kc6 38. Kf3 Rg8 39. Kg4 Re8 40. Re3 Rf8 41. f5 Rg8 42. Kh5 exf5 43. exf5 Kd7 44. f6 Ke6 45. fxg7 Rxg7 46. Kxh6 Rd7 47. g7 1-0

[Event "XIX Najdorf Memorial 2019"]
[Site "Warsaw"]
[Date "2019.07.07"]
[Round "2.21"]
[White "Krasiewicz, Robert"]
[Black "Kucza, Karol"]
[Result "0-1"]
[ECO "A15"]
[WhiteElo "2017"]
[BlackElo "2315"]
[Annotator "NA"]
[PlyCount "96"]
[EventDate "2019.07.06"]
[EventType "swiss"]
[EventCountry "POL"]
[SourceTitle "playchess.com"]
[Source "ChessBase"]
[SourceQuality "1"]
[TimeControl "40/5400+30:1800+30"]

1. c4 Nf6 2. g3 g6 3. Nc3 Bg7 4. Bg2 e5 5. d3 O-O 6. e4 d6 7. Nge2 Nc6 8. O-O Be6 9. h3 Nh5 10. g4 Nf6 11. Nd5 Nd7 12. Ng3 Nd4 13. Be3 c5 14. Qd2 Bxd5 15. cxd5 b5 16. Rac1 a5 17. Bg5 Qb6 18. Bh6 Bxh6 19. Qxh6 Qd8 20. Kh1 Qf6 21. Qe3 Qf4 22. Rfe1 a4 23. Ne2 Nxe2 24. Rxe2 a3 25. b3 Qf6 26. Qg3 Kg7 27. Re3 Qf4 28. Rc2 Qxg3 29. Rxg3 b4 30. Bf3 Nb6 31. Kg2 Nc8 32. h4 Na7 33. g5 Nb5 34. Rd2 Nd4 35. Bd1 f6 36. gxf6+ Rxf6 37. h5 Raf8 38. hxg6 hxg6 39. Bg4 Rh8 40. Rh3 Rff8 41. Rxh8 Rxh8 42. Rd1 Kf6 43. Kg3 Nb5 44. Bf3 Nc3 45. Rd2 Kg5 46. Bg2 Rh4 47. Bh3 Rxe4 48. f3 Rh4 0-1

[Event "XIX Najdorf Memorial 2019"]
[Site "Warsaw"]
[Date "2019.07.07"]
[Round "2.22"]
[White "Deszczynski, Adam"]
[Black "Marcinczyk, Monika"]
[Result "1-0"]
[ECO "A13"]
[WhiteElo "2304"]
[BlackElo "1960"]
[Annotator "NA"]
[PlyCount "41"]
[EventDate "2019.07.06"]
[EventType "swiss"]
[EventCountry "POL"]
[SourceTitle "playchess.com"]
[Source "ChessBase"]
[SourceQuality "1"]
[TimeControl "40/5400+30:1800+30"]

1. c4 e6 2. Nf3 Nf6 3. g3 d5 4. Bg2 c5 5. O-O Be7 6. d4 Bd7 7. cxd5 Nxd5 8. e4 Nf6 9. Nc3 Bc6 10. Re1 h6 11. Bf4 Na6 12. d5 exd5 13. exd5 Nxd5 14. Ne5 Nab4 15. Nxc6 bxc6 16. Qe2 Nxf4 17. gxf4 Kf8 18. Rad1 Qc7 19. a3 Nd5 20. Bxd5 cxd5 21. Nxd5 1-0

[Event "XIX Najdorf Memorial 2019"]
[Site "Warsaw"]
[Date "2019.07.07"]
[Round "2.23"]
[White "Martynyuk, Elizaveta"]
[Black "Marczuk, Dominik"]
[Result "1-0"]
[ECO "B11"]
[WhiteElo "2125"]
[BlackElo "2300"]
[Annotator "NA"]
[PlyCount "59"]
[EventDate "2019.07.06"]
[EventType "swiss"]
[EventCountry "POL"]
[SourceTitle "playchess.com"]
[Source "ChessBase"]
[SourceQuality "1"]
[TimeControl "40/5400+30:1800+30"]

1. e4 c6 2. Nc3 d5 3. Nf3 Bg4 4. h3 Bxf3 5. Qxf3 e6 6. d3 Nd7 7. Bd2 Ngf6 8. g4 g6 9. Qg3 Bg7 10. e5 Ng8 11. f4 Qb6 12. O-O-O g5 13. h4 gxf4 14. Bxf4 c5 15. d4 c4 16. g5 Ne7 17. h5 Qc6 18. Bh3 b5 19. Kb1 Nb6 20. g6 hxg6 21. Bg4 b4 22. Ne2 Nd7 23. Bg5 Nf5 24. Bxf5 gxf5 25. h6 Bf8 26. h7 Be7 27. Nf4 Nf8 28. Bxe7 Kxe7 29. Qg5+ Kd7 30. Qg7 1-0

[Event "XIX Najdorf Memorial 2019"]
[Site "Warsaw"]
[Date "2019.07.07"]
[Round "2.24"]
[White "Siekanski, Janusz"]
[Black "Parol, Pola"]
[Result "1-0"]
[ECO "E49"]
[WhiteElo "2270"]
[BlackElo "2064"]
[Annotator "NA"]
[PlyCount "125"]
[EventDate "2019.07.06"]
[EventType "swiss"]
[EventCountry "POL"]
[SourceTitle "playchess.com"]
[Source "ChessBase"]
[SourceQuality "1"]
[TimeControl "40/5400+30:1800+30"]

1. d4 Nf6 2. c4 e6 3. Nc3 Bb4 4. e3 O-O 5. Bd3 d5 6. a3 Bxc3+ 7. bxc3 dxc4 8. Bxc4 c5 9. Ne2 Qc7 10. Bd3 Nc6 11. f4 b6 12. O-O Bb7 13. e4 Na5 14. e5 Qc6 15. Rf3 Ne4 16. Ng3 f5 17. exf6 Nxf6 18. Rf2 Rad8 19. Be3 Kh8 20. Rb1 Qd6 21. a4 cxd4 22. cxd4 Nc6 23. Ne4 Qd5 24. Nxf6 gxf6 25. Rb5 Qd7 26. Bxh7 f5 27. Bg6 Kg7 28. Bh5 Rh8 29. Bf3 Ba6 30. d5 Bxb5 31. axb5 Ne7 32. Bd4+ Kg8 33. Bxh8 Kxh8 34. Qa1+ Kh7 35. dxe6 Qxe6 36. Re2 Qd7 37. Qf6 Ng6 38. g3 Qd1+ 39. Kf2 Qd4+ 40. Qxd4 Rxd4 41. h4 Rd7 42. h5 Ne7 43. Re6 Kg7 44. h6+ Kf7 45. h7 Rd8 46. Rd6 Rh8 47. Rd7 Rxh7 48. Rxa7 Rh6 49. Rb7 Kf8 50. Ke2 Rd6 51. Ke3 Rg6 52. Kd4 Rxg3 53. Bc6 Ng6 54. Rxb6 Rg4 55. Rb8+ Ke7 56. b6 Rxf4+ 57. Kc5 Ne5 58. Re8+ Kf6 59. Rxe5 Rf1 60. Re8 Rc1+ 61. Kd6 Rd1+ 62. Bd5 Rb1 63. b7 1-0

[Event "XIX Najdorf Memorial 2019"]
[Site "Warsaw"]
[Date "2019.07.07"]
[Round "2.25"]
[White "Praczukowski, Stanislaw"]
[Black "Krishna Teja, N."]
[Result "0-1"]
[ECO "D30"]
[WhiteElo "2166"]
[BlackElo "2368"]
[Annotator "NA"]
[PlyCount "46"]
[EventDate "2019.07.06"]
[EventType "swiss"]
[EventCountry "POL"]
[SourceTitle "playchess.com"]
[Source "ChessBase"]
[SourceQuality "1"]
[TimeControl "40/5400+30:1800+30"]

1. d4 d5 2. c4 e6 3. Nf3 Nf6 4. g3 Bb4+ 5. Nbd2 dxc4 6. Bg2 b5 7. a4 c6 8. O-O a5 9. Ne1 Ra7 10. Nc2 Be7 11. e4 O-O 12. e5 Nd5 13. Ne4 Nd7 14. Qg4 f5 15. exf6 N7xf6 16. Qe2 Nxe4 17. Qxe4 Bf6 18. Re1 Qb6 19. Bh3 Re7 20. Bd2 b4 21. Be3 b3 22. Na3 c3 23. Rab1 Qb4 0-1

[Event "XIX Najdorf Memorial 2019"]
[Site "Warsaw"]
[Date "2019.07.07"]
[Round "2.26"]
[White "Akesson, Ralf"]
[Black "Shkliar, Boris"]
[Result "0-1"]
[ECO "A80"]
[WhiteElo "2365"]
[BlackElo "2160"]
[Annotator "NA"]
[PlyCount "68"]
[EventDate "2019.07.06"]
[EventType "swiss"]
[EventCountry "POL"]
[SourceTitle "playchess.com"]
[Source "ChessBase"]
[SourceQuality "1"]
[TimeControl "40/5400+30:1800+30"]

1. d4 f5 2. Nc3 Nf6 3. Bg5 d5 4. Bxf6 exf6 5. e3 Be6 6. Bd3 Qd7 7. Nge2 Nc6 8. a3 Bd6 9. Qd2 g5 10. h4 O-O-O 11. Nb5 Rhe8 12. Nxd6+ Qxd6 13. hxg5 fxg5 14. O-O-O Re7 15. Rh6 Rf7 16. Rdh1 Qe7 17. Bb5 Nb8 18. Qb4 Rd6 19. Ng1 a6 20. Ba4 f4 21. exf4 Bd7 22. Rxd6 cxd6 23. Bb3 Nc6 24. Qc3 Qe4 25. f3 Qxf4+ 26. Kb1 Qxd4 27. Qxd4 Nxd4 28. Bxd5 Re7 29. Be4 d5 30. Rxh7 Re5 31. c3 Nc6 32. Bc2 Re1+ 33. Ka2 Rxg1 34. g4 d4 0-1

[Event "XIX Najdorf Memorial 2019"]
[Site "Warsaw"]
[Date "2019.07.07"]
[Round "2.27"]
[White "Krstulovic, Alex"]
[Black "Suliborski, Jakub"]
[Result "1/2-1/2"]
[ECO "E10"]
[WhiteElo "2360"]
[BlackElo "2131"]
[Annotator "NA"]
[PlyCount "83"]
[EventDate "2019.07.06"]
[EventType "swiss"]
[EventCountry "POL"]
[SourceTitle "playchess.com"]
[Source "ChessBase"]
[SourceQuality "1"]
[TimeControl "40/5400+30:1800+30"]

1. d4 Nf6 2. c4 e6 3. Nf3 c5 4. d5 b5 5. e4 d6 6. Qc2 b4 7. h3 Be7 8. Bd3 e5 9. Be3 Nbd7 10. Nbd2 Nh5 11. g3 h6 12. Be2 Nhf6 13. g4 g5 14. a3 bxa3 15. Rxa3 Nf8 16. Bxc5 dxc5 17. Nxe5 Qc7 18. Nc6 Ng6 19. Re3 O-O 20. e5 Ne8 21. Bf3 Nh4 22. Be4 Bb7 23. d6 Bxd6 24. exd6 Nxd6 25. Ne7+ Kg7 26. Nd5 Bxd5 27. Bxd5 Rae8 28. O-O Ng6 29. Rfe1 Rxe3 30. Rxe3 f6 31. Ne4 Nxe4 32. Qxe4 Rb8 33. Qf5 Rxb2 34. Re8 Rb8 35. Rxb8 Qxb8 36. Qd7+ Kh8 37. Qf7 Qb1+ 38. Kh2 Qb8+ 39. Kg1 Qb1+ 40. Kg2 Nh4+ 41. Kh2 Qb8+ 42. Kg1 1/2-1/2

[Event "XIX Najdorf Memorial 2019"]
[Site "Warsaw"]
[Date "2019.07.07"]
[Round "2.28"]
[White "Malynovskyi, Rostyslav"]
[Black "Mosesov, Danylo"]
[Result "0-1"]
[ECO "A05"]
[WhiteElo "2156"]
[BlackElo "2353"]
[Annotator "NA"]
[PlyCount "78"]
[EventDate "2019.07.06"]
[EventType "swiss"]
[EventCountry "POL"]
[SourceTitle "playchess.com"]
[Source "ChessBase"]
[SourceQuality "1"]
[TimeControl "40/5400+30:1800+30"]

1. Nf3 Nf6 2. c4 b6 3. g3 Bb7 4. Bg2 g6 5. O-O Bg7 6. d4 O-O 7. Nc3 Ne4 8. Nxe4 Bxe4 9. d5 c6 10. Nd4 Bxg2 11. Kxg2 c5 12. Nf3 d6 13. Qc2 Nd7 14. Bd2 e5 15. dxe6 fxe6 16. Rad1 Qe7 17. Bg5 Nf6 18. Qd3 Rad8 19. e4 h6 20. Bc1 Kh7 21. Nh4 Qf7 22. f4 Rfe8 23. Qc2 Qb7 24. Rde1 Nd7 25. Rf3 Nf8 26. Ref1 Bf6 27. b3 a6 28. f5 exf5 29. Bb2 Bxb2 30. exf5 g5 31. f6+ Qe4 32. Qxb2 g4 33. f7 gxf3+ 34. Rxf3 Qe2+ 35. Qxe2 Rxe2+ 36. Kh3 Rd7 37. Kg4 Re4+ 38. Kh5 Re5+ 39. Kg4 Rg5+ 0-1

[Event "XIX Najdorf Memorial 2019"]
[Site "Warsaw"]
[Date "2019.07.07"]
[Round "2.29"]
[White "Niedbala, Bartlomiej"]
[Black "Bednarek, Sylwester"]
[Result "1/2-1/2"]
[ECO "A61"]
[WhiteElo "2152"]
[BlackElo "2291"]
[Annotator "NA"]
[PlyCount "75"]
[EventDate "2019.07.06"]
[EventType "swiss"]
[EventCountry "POL"]
[SourceTitle "playchess.com"]
[Source "ChessBase"]
[SourceQuality "1"]
[TimeControl "40/5400+30:1800+30"]

1. d4 Nf6 2. c4 c5 3. d5 e6 4. Nc3 exd5 5. cxd5 d6 6. Nf3 g6 7. Bf4 a6 8. e4 Bg4 9. h3 Bxf3 10. Qxf3 Bg7 11. a4 Nh5 12. Bd2 Nd7 13. Be2 Bd4 14. g3 Ne5 15. Qg2 Qb6 16. O-O Qxb2 17. Ra2 Qb6 18. Rb1 Qc7 19. Rab2 Ra7 20. Bxa6 O-O 21. Nb5 Qd7 22. Nxa7 bxa6 23. Rb7 Qxa4 24. Nc6 Nxc6 25. dxc6 Qxc6 26. R7b6 Qa4 27. Qf3 Nf6 28. Bf4 Nd7 29. Rxd6 Ne5 30. Bxe5 Bxe5 31. Rd5 Bd4 32. Rb7 Qa2 33. Kg2 a5 34. h4 h5 35. Ra7 a4 36. Rd6 Re8 37. Rd5 Rf8 38. Rd6 1/2-1/2